 Dungeon Crawl Stone Soup version 0.32-a0-675-gdc239d62e1 (webtiles) character file.

Game seed: 13988812304716734129

135 growler the Ruffian (level 4, -1/35 HPs)
             Began as a Draconian Shapeshifter on Mar 11, 2024.
             Slain by a gnoll
             ... wielding a +0 whip
              (9 damage)
             ... on level 3 of the Dungeon.
             The game lasted 00:04:15 (2271 turns).

growler the Ruffian (Draconian Shapeshifter)        Turns: 2271, Time: 00:04:16

Health: -1/35      AC:  5    Str: 16    XL:     4   Next: 97%
Magic:  4/4        EV: 12    Int: 11    God:
Gold:   61         SH:  0    Dex: 12    Spells: 3/3 levels left

rFire   . .          .
                       - Unarmed
rCold   . . .        (no shield)
rNeg    . . .        (body armour unavailable)
rPois   .            (helmet currently unavailable)
rElec   .            (cloak currently unavailable)
rCorr   .            (gloves currently unavailable)
SInv    .            (boots currently unavailable)
Will    .....        (no amulet)
Stlth   +            (no ring)
HPRegen 0.25/turn    (no ring)
MPRegen 0.09/turn

%: no passive effects
@: confused, beast-form, ambrosia-drunk
A: beast (slay +2), AC +5, unfitting armour, cold-blooded
a: Begin Untransformation


You were on level 3 of the Dungeon.
You were a hulking beast.
You visited 1 branch of the dungeon, and saw 3 of its levels.

You collected 61 gold pieces.

Inventory:

Armour
 e - a +0 pair of boots
Jewellery
 l - a ring of protection from cold
Talismans
 b - a beast talisman (active)
 c - a flux talisman
Scrolls
 d - a scroll of vulnerability {unknown}
 g - 3 scrolls of identify {unknown}
 i - a scroll of noise {unknown}
 k - a scroll of torment {unknown}
 m - a scroll of enchant weapon {unknown}
 o - a scroll of poison {unknown}
 q - a scroll of enchant armour {unknown}
 s - a scroll of butterflies {unknown}
Potions
 a - a potion of lignification
 f - a potion of haste {unknown}
 h - a potion of magic {unknown}
 j - 2 potions of curing {unknown}
 n - a potion of enlightenment {unknown}
 r - a potion of berserk rage {unknown}


   Skills:
 - Level 1.1 Fighting
 - Level 1.7 Dodging
 + Level 4.5 Unarmed Combat
 + Level 4.3 Shapeshifting


You had 3 spell levels left.
You didn't know any spells.
Your spell library contained the following spells:

 Spells                   Type           Power      Damage    Failure   Level
 Cigotuvi's Dreadful Rot  Necr/Alch/Air  0%         N/A       47%         2
 Ensorcelled Hibernation  Hex/Ice        0%         N/A       47%         2
 Passwall                 Erth           0%         N/A       71%         3
 Swiftness                Air            0%         N/A       71%         3
 Dispel Undead            Necr           0%         3d6       98%         4
 Martyr's Knell           Necr/Summ      0%         N/A       98%         4
 Death Channel            Necr           0%         N/A       100%        6


Dungeon Overview and Level Annotations

Branches:
Dungeon (3/15)

Altars:
Ashenzari
Qazlal
Sif Muna


Innate Abilities, Weirdness & Mutations

You are a hulking beast.
Your limbs bulge with bestial killing power. (Slay +2)
Your plain brown scales are hard. (AC +5)
You cannot fit into any form of body armour.
You are cold-blooded and may be slowed by cold attacks.


Message History

The gnoll is almost dead.
The gnoll barely misses you. The gnoll hits you with a +0 flail.
The gnoll hits you from afar with a +0 halberd!
You hit the gnoll.
You kill the gnoll!
You closely miss the giant cockroach. The giant cockroach closely misses you.
The gnoll misses you.
You punch the giant cockroach!
You kill the giant cockroach!
The gnoll hits you from afar with a +0 halberd.
* * * LOW HITPOINT WARNING * * *
You hit the gnoll but do no damage. The gnoll barely misses you. x2
Unknown command.
You barely miss the gnoll. The gnoll hits you with a +0 whip.
* * * LOW HITPOINT WARNING * * *
The gnoll barely misses you.
Unknown command.
You hit the gnoll.
The gnoll is lightly wounded.
The gnoll barely misses you.
You punch the gnoll!
The gnoll is severely wounded.
The gnoll closely misses you. The gnoll barely misses you.
The gnoll closely misses you.
You barely miss the gnoll.
The gnoll is severely wounded.
The gnoll hits you with a +0 whip.
* * * LOW HITPOINT WARNING * * *
The gnoll hits you but does no damage. The gnoll hits you with a +0 club.
* * * LOW HITPOINT WARNING * * *
Unknown command.
You are confused.
You feel invigorated. The gnoll hits you with a +0 whip.
* * * LOW HITPOINT WARNING * * *
The gnoll barely misses you. The gnoll hits you with a +0 club.
* * * LOW HITPOINT WARNING * * *
You barely miss the gnoll.
The gnoll is severely wounded.
The gnoll hits you with a +0 whip!
You die...

#.#...............#..#
#.....+..._...+...#..#
#.#...#...........#..#
#.#####.......##.##..#
#[...#.........#.....#
###..#⌠.##+##.⌠# .##.#
##.####...# #....#...#
###..#.hg#
##.##g##.#.?.
#....g.....#
##.......### #########


You could see 3 gnolls.

Vanquished Creatures
  An orc wizard (D:3)
  A gnoll (D:3)
  3 adders
  2 dart slugs
  5 orcs (D:3)
  A ball python (D:2)
  4 bats
  4 endoplasms
  4 giant cockroaches
  5 hobgoblins
  9 jackals
  8 kobolds
  3 quokkas
  A frilled lizard (D:1)
  4 goblins
  6 rats
61 creatures vanquished.

Notes
Turn   | Place    | Note
-------+----------+-------------------------------------------
     0 | D:1      | growler the Draconian Shapeshifter began the quest for the
                  | Orb.
     0 | D:1      | Reached XP level 1. HP: 16/16 MP: 1/1
   143 | D:1      | Reached XP level 2. HP: 18/23 MP: 2/2
  1015 | D:2      | Reached XP level 3. HP: 24/28 MP: 3/3
  1193 | D:2      | Found a shimmering blue altar of Sif Muna.
  1468 | D:2      | Found a faded altar of an unknown god.
  1544 | D:3      | HP: 1/42 [orc/+0 club (2)]
  1549 | D:3      | Reached XP level 4. HP: 13/35 MP: 4/4
  1724 | D:3      | Noticed an earth elemental
  1727 | D:3      | Found a stormy altar of Qazlal.
  1730 | D:3      | Noticed a water elemental
  1730 | D:3      | Noticed an air elemental
  1730 | D:3      | Noticed a fire elemental
  2206 | D:3      | Found a broken altar of Ashenzari.
  2271 | D:3      | Slain by a gnoll

Illustrated notes

Levels and vault maps discovered:
D:1:      psy_arrival_statuary, layout_basic, minmay_pentomino_v2
D:2:      layout_rooms, basic_altar, shapermc_ecumenical_altar_acropolis,
          minmay_misc_feat_diagonals
D:3:      mumra_celtic_spiral_tile, layout_rooms, evilmike_ruin_ashenzari,
          nicolae_qazlal_style_of_elements, minivault_23

Skill      XL: |  1  2  3 |
---------------+----------+-----
Unarmed Combat | 4 |  4.5
Shapeshifting  | 4 |  4.3
Fighting       | |  1.1
Dodging        | |  1.7

Action                     |  1- 3 |  4- 6 || total
---------------------------+-------+-------++-------
  Melee: Unarmed           |   109 |    50 ||   159
         Tailslap          |    10 |     3 ||    13
         Punch             |     4 |     1 ||     5
    Use: Potion            |     2 |     1 ||     3
   Stab: Sleeping          |       |     1 ||     1
 Armour: Skin              |    84 |    42 ||   126
  Dodge: Dodged            |    63 |    37 ||   100

Table legend: (Time is in decaauts)
 A = Elapsed time spent in this place.
 B = Non-inter-level travel time spent in this place.
 C = Inter-level travel time spent in this place.
 D = Time resting spent in this place.
 E = Time spent auto-exploring this place.
 F = Levels seen in this place.
 G = Mean time per level.
                   A        B        C        D        E       F      G
               +--------+--------+--------+--------+--------+-----+--------+
         Total |   2259 |   2175 |     84 |      0 |   1829 |   3 |  753.0 |
       Dungeon |   2259 |   2175 |     84 |      0 |   1829 |   3 |  753.0 |
               +--------+--------+--------+--------+--------+-----+--------+

Top non-repeatable levels by time:
     D:1: 1000 daAuts
     D:3: 763 daAuts
     D:2: 495 daAuts
